 Dungeon Crawl Stone Soup version 0.22-a0-533-g4d20840 (webtiles) character file.

168 Mgcat the Chopper (level 5, -11/42 HPs)
             Began as a Hill Orc Gladiator on June 22, 2018.
             Was a Follower of Beogh.
             Mangled by an ogre
             ... wielding a +0 giant club
              (23 damage)
             ... on level 4 of the Dungeon.
             The game lasted 00:08:30 (3046 turns).

Mgcat the Chopper (Hill Orc Gladiator)              Turns: 3046, Time: 00:08:31

Health: -11/42     AC:  9    Str: 21    XL:     5   Next: 48%
Magic:  5/5        EV: 10    Int:  8    God:    Beogh [*.....]
Gold:   169        SH:  0    Dex: 12    Spells: 4/4 levels left

rFire    . . .     SeeInvis .   a - +1 war axe
rCold    . . .     Gourm    .   (no shield)
rNeg     . . .     Faith    .   k - +0 scale mail
rPois    .         Spirit   .   c - +1 helmet
rElec    .         Reflect  .   q - +0 cloak
rCorr    .         Harm     .   (no gloves)
MR       .....                  (no boots)
Stlth    ..........             (no amulet)
HPRegen  0.14/turn              r - +3 ring of strength
MPRegen  0.09/turn              (no ring)

@: no status effects
A: no striking features
a: Renounce Religion


You were on level 4 of the Dungeon.
You worshipped Beogh.
Beogh was aware of your devotion.
You were not hungry.

You visited 1 branch of the dungeon, and saw 4 of its levels.

You collected 169 gold pieces.

Inventory:

Hand Weapons
 a - a +1 war axe (weapon)
Missiles
 d - 3 throwing nets {=f, !d}
Armour
 b - a +0 leather armour
 c - a +1 helmet (worn)
 k - a +0 scale mail (worn)
   (You found it on level 3 of the Dungeon)
 q - a +0 cloak (worn)
   (You found it on level 3 of the Dungeon)
Jewellery
 r - a +3 ring of strength (left hand)
   (You found it on level 3 of the Dungeon)
Wands
 h - a wand of disintegration (10)
   (You found it on level 4 of the Dungeon)
Scrolls
 g - a scroll of identify
Potions
 e - a potion of might
 i - a potion of curing
 n - 2 potions of haste
 o - a potion of brilliance
Comestibles
 f - 7 rations
 s - 2 chunks of flesh {@w0}


   Skills:
 - Level 2.4 Fighting
 + Level 7.9 Axes
 - Level 1.7 Throwing
 - Level 2.4 Dodging


You had 4 spell levels left.
You didn't know any spells.
Your spell library contained the following spells:

 Spells                   Type           Power        Failure   Level  Hunger
 Magic Dart               Conj           #...         77%         1    ##.....
 Iskenderun's Mystic Bla  Conj           #.......     100%        4    #####..
 Fulminant Prism          Conj/Hex       #.........   100%        4    #####..
 Dazzling Spray           Conj/Hex       #.....       98%         3    ####...
 Force Lance              Conj/Tloc      #.......     100%        4    #####..
 Searing Ray              Conj           #.....       88%         2    ###....


Dungeon Overview and Level Annotations

Branches:
Dungeon (4/15)             Temple (0/1) D:4

Altars:
Ashenzari
Nemelex Xobeh
Trog
Beogh

Annotations:
D:3 2 transporters


Message History

The kobold hits you but does no damage.
You completely miss the kobold.
The kobold shouts!
The kobold hits you but does no damage.
Your scale mail prevents you from hitting the kobold.
The kobold misses you.
You slash the kobold!
You kill the kobold!
Beogh accepts your kill. The kobold barely misses you.
Things that are here:
a club; a kobold corpse You closely miss the kobold.
The kobold hits you but does no damage. x2
A hobgoblin comes into view. It is wielding a club.
You hit the kobold.
You kill the kobold!
Beogh accepts your kill.
You barely miss the kobold. The kobold closely misses you.
You hit the kobold.
The kobold is moderately wounded.
The kobold barely misses you.
A kobold comes into view. It is wielding a club.
The kobold shouts!
You slash the kobold!
You kill the kobold!
Beogh accepts your kill.
You see here a club.
The hobgoblin hits you with a club.
You slash the hobgoblin!
You kill the hobgoblin!
Beogh accepts your kill.
You barely miss the kobold. The kobold hits you but does no damage.
You closely miss the kobold. The kobold barely misses you.
You hit the kobold.
You kill the kobold!
Beogh accepts your kill.
No target in view!
No target in view!
No target in view!
You see here a club.
Things that are here:
a club; a kobold corpse You see here a dagger.
You butcher the hobgoblin corpse.
s - 5 chunks of flesh {@w0} (gained 1)
You see here a club. x2
You butcher the frilled lizard corpse.
s - 6 chunks of flesh {@w0} (gained 1)
You pick up a book of Conjurations and begin reading...
You add the spells Magic Dart, Searing Ray, Dazzling Spray, Fulminant Prism, Force Lance and Iskenderun's Mystic Blast to your library.
Some of the chunks of flesh in your inventory have rotted away.
HP restored.
You now have 169 gold pieces (gained 11).
h - a wand of disintegration (10)
You found a teleport trap!
f - 7 rations (gained 1)
A worm comes into view.
A worm is nearby!
The worm bites you.
Your scale mail prevents you from hitting the worm.
You hit the worm.
The worm is moderately wounded.
The worm barely misses you.
You hit the worm.
The worm is moderately wounded.
You slash the worm!
You kill the worm!
Beogh accepts your kill.
No target in view!
No target in view!
Key pressed, stopping explore.
An ogre comes into view. It is wielding a giant club.
The ogre shouts!
The ogre moves out of view.
The ogre is too close now for your liking.
An ogre is nearby!
You hit the ogre.
The ogre is lightly wounded.
The ogre closely misses you.
You closely miss the ogre. The ogre hits you with a giant club!
You are too injured to fight recklessly!
You are too injured to fight recklessly!
You are too injured to fight recklessly!
You are too injured to fight recklessly!
You are too injured to fight recklessly!
You slash the ogre!
The ogre is moderately wounded.
The ogre closely misses you.
You hit the ogre.
The ogre is heavily wounded.
The ogre hits you with a giant club.
You slash the ogre!
The ogre is severely wounded.
The ogre hits you with a giant club!
* * * LOW HITPOINT WARNING * * *
You hit the ogre.
The ogre is almost dead.
The ogre hits you with a giant club!!
Ouch! That really hurt!
You die...

**,,*≈* *,,,,,,*,,***,***,,*,,
*,,**≈** #*,.....#......,,,,,*,,
**,,*≈≈≈**#.,#....#.......,,,©*,,
*,,**≈≈≈,.#..*....########*****,,
*,,*≈≈≈≈,...(##...........,,,,,,,
*,,**≈≈≈,...............#**,,,,,,
**,,*≈≈≈,...............# *,,,,,,
*,,*≈≈,,...............# **,****
#..*≈*,,(.....O@.......# *,,,,,
**..*≈**,.....####......# *.#,,,
≈*..##**,###**** #......####.,..,
≈**..#*,,* *,,,* #......#...##..,
≈≈*..##,****∩*,* #......#......,,
≈≈##..#,**,,,,,**##.....#....####
≈≈≈#))#*,,,,*,,,.##.....#........
≈≈≈#..#*,,,,,,,...............##.
≈≈≈#))#**,,,,,.....#..........##.


You could see an ogre.

Vanquished Creatures
  An orc wizard (D:3)
  4 adders
  An ooze (D:2)
  5 worms
  2 dart slugs
  2 leopard geckos (D:3)
  3 orcs (D:3)
  4 giant cockroaches
  10 hobgoblins
  3 jackals (D:2)
  14 kobolds
  2 ball pythons
  10 bats
  7 frilled lizards
  9 goblins
  5 rats
82 creatures vanquished.

Notes
Turn   | Place    | Note
-------+----------+-------------------------------------------
     0 | D:1      | Mgcat the Hill Orc Gladiator began the quest for the Orb.
     0 | D:1      | Reached XP level 1. HP: 18/18 MP: 1/1
   160 | D:1      | Reached XP level 2. HP: 25/25 MP: 2/2
   205 | D:1      | Reached skill level 5 in Axes
   339 | D:1      | Reached XP level 3. HP: 25/30 MP: 3/3
   735 | D:2      | Found a sparkling altar of Nemelex Xobeh.
   930 | D:2      | HP: 7/30 [adder (4)]
   936 | D:2      | Reached skill level 6 in Axes
   937 | D:2      | HP: 5/30 [poisoned by an adder]
   937 | D:2      | HP: 2/30 [jackal (3)]
   944 | D:2      | HP: 1/30 [poisoned by an adder]
  1436 | D:2      | Reached XP level 4. HP: 27/37 MP: 4/4
  1875 | D:3      | Found a shattered altar of Ashenzari.
  1925 | D:3      | Found a bloodstained altar of Trog.
  1931 | D:3      | Noticed a necrophage
  1933 | D:3      | Found a transporter.
  2014 | D:3      | Found a transporter.
  2091 | D:3      | Found a faded altar of an unknown god.
  2121 | D:3      | Reached skill level 7 in Axes
  2372 | D:3      | Became a worshipper of Beogh the Brigand
  2372 | D:3      | Reached * piety under Beogh
  2467 | D:3      | Reached XP level 5. HP: 34/42 MP: 5/5
  2833 | D:4      | Found a staircase to the Ecumenical Temple.
  3038 | D:4      | Noticed an ogre
  3046 | D:4      | Mangled by an ogre

Vault maps used:
D:1:      minmay_arrival_split_and_join, minmay_misc_feat_tiny
D:2:      lemuel_doored_altar, minmay_hedge_maze, grunt_ministairs_11,
          kennysheep_generic_room_12
D:3:      gammafunk_temple_overflow_arena, old_standard_altar,
          chequers_ecumenical_altar_twisty, kennysheep_decorative_pillar
D:4:      cheibrodos_thug_alley, overflow_temple_1_default,
          lemuel_coloured_pillars_altar, minmay_temple_entry_statues_fountains,
          serial_shops, nicolae_shop_trees, gammafunk_ghost_mausoleum

Skill      XL: |  1  2  3  4 |
---------------+-------------+-----
Axes           | 5 6 7 |  7.9
Fighting       | |  2.4
Throwing       | |  1.7
Dodging        | |  2.4

Action                   |  1- 3 |  4- 6 || total
-------------------------+-------+-------++-------
Melee: War axe           |   126 |   124 ||   250
  Use: Potion            |     3 |       ||     3
       Scroll            |       |     8 ||     8
  Eat: Chunk             |     2 |     5 ||     7
Armor: Leather armour    |    51 |     8 ||    59
       Scale mail        |       |    33 ||    33
Dodge: Dodged            |   125 |    53 ||   178

Table legend:
 A = Spawn XP
 B = Non-spawn XP
 C = Spawn XP percentage of total XP
 D = Spawn monster count
 E = Non-spawn monster count
 F = Spawn count percentage of total count
 G = Total turns spent on level
                    A         B        C        D         E        F      G
               +---------+---------+-------+---------+---------+-------+---------
         Total |       0 |     240 |   0.0 |       0 |      82 |   0.0 |  3046
               +---------+---------+-------+---------+---------+-------+---------
           D:1 |       0 |      42 |   0.0 |       0 |      27 |   0.0 |   659
           D:2 |       0 |      79 |   0.0 |       0 |      24 |   0.0 |  1175
           D:3 |       0 |     100 |   0.0 |       0 |      19 |   0.0 |   995
           D:4 |       0 |      19 |   0.0 |       0 |      12 |   0.0 |   217
               +---------+---------+-------+---------+---------+-------+---------

Vault maps used:
D:1:      minmay_arrival_split_and_join, minmay_misc_feat_tiny
D:2:      lemuel_doored_altar, minmay_hedge_maze, grunt_ministairs_11,
          kennysheep_generic_room_12
D:3:      gammafunk_temple_overflow_arena, old_standard_altar,
          chequers_ecumenical_altar_twisty, kennysheep_decorative_pillar
D:4:      cheibrodos_thug_alley, overflow_temple_1_default,
          lemuel_coloured_pillars_altar, minmay_temple_entry_statues_fountains,
          serial_shops, nicolae_shop_trees, gammafunk_ghost_mausoleum

Table legend:
 A = Turns spent in this place as a percentage of turns spent in the entire game.
 B = Non-inter-level travel turns spent in this place as a percentage of non-inter-level travel turns spent in the entire game.
 C = Inter-level travel turns spent in this place as a percentage of turns spent in this place.
 D = Turns resting spent in this place as a percentage of non-inter-level travel turns spent in this place.
 E = Turns spent auto-exploring this place as a percentage of non-inter-level travel turns spent in this place.
 F = Non-inter-level travel turns spent in this place divided by the number of levels of this place that you've seen.
                   A       B       C       D       E      F
               +-------+-------+-------+-------+-------+----------------------
         Total | 100.0 | 100.0 |   3.0 |   8.1 |  73.4 | 739.0
       Dungeon | 100.0 | 100.0 |   3.0 |   8.1 |  73.4 | 739.0
               +-------+-------+-------+-------+-------+----------------------

Table legend:
 A = Kills in this place as a percentage of kills in entire the game.
 B = Kills by you in this place as a percentage of kills by you in the entire game.
 C = Kills by friends in this place as a percentage of kills by friends in the entire game.
 D = Other kills in this place as a percentage of other kills in the entire game.
 E = Experience gained in this place as a percentage of experience gained in the entire game.
 F = Experience gained in this place divided by the number of levels of this place that you have seen.
                   A       B       C       D       E      F
               +-------+-------+-------+-------+-------+----------------------
         Total | 100.0 | 100.0 |   N/A |   N/A | 100.0 |  60.0
       Dungeon | 100.0 | 100.0 |   N/A |   N/A | 100.0 |  60.0
               +-------+-------+-------+-------+-------+----------------------
